 Dungeon Crawl Stone Soup version 0.21-a0 (webtiles) character file.

14 JeffiDaFish the Shield-Bearer (level 2, 0/17 HPs)
             Began as a Gargoyle Fighter on May 18, 2017.
             Slain by an ooze (1 damage)
             ... on level 1 of the Dungeon.
             The game lasted 00:01:05 (776 turns).

JeffiDaFish the Shield-Bearer (Gargoyle Fighter)     Turns: 776, Time: 00:01:05

Health: 0/17       AC: 11    Str: 19    XL:     2   Next: 45%
Magic:  2/2        EV:  7    Int:  8    God:
Gold:   83         SH:  9    Dex:  9    Spells: 1/1 levels left

rFire    . . .     SeeInvis .   a - +0 flail
rCold    . . .     Gourm    .   c - +0 shield
rNeg     + . .     Faith    .   b - +0 scale mail
rPois    ∞         Spirit   .   (no helmet)
rElec    +         Reflect  .   (no cloak)
rCorr    .         Harm     .   (no gloves)
MR       .....                  (no boots)
Stlth    ..........             (no amulet)
Regen    0.1/turn               (no ring)
MPRegen  0.1/turn               (no ring)

@: no status effects
A: yellow scales 1, deterioration 1, frail 1, high mp 1, negative energy
resistance 1, electricity resistance, unbreathing, petrification resistance, rot
immunity, AC +2
a: no special abilities


You were on level 1 of the Dungeon.
You were not hungry.

You visited 1 branch of the dungeon, and saw 1 of its levels.

You collected 83 gold pieces.

Inventory:

Hand Weapons
 a - a +0 flail (weapon)
Armour
 b - a +0 scale mail (worn)
 c - a +0 shield (worn)
Jewellery
 i - an uncursed ring of wizardry {unknown}
 j - an uncursed ring of flight {unknown}
Potions
 d - a potion of might
 e - a potion of agility
Comestibles
 f - a bread ration


   Skills:
 + Level 3.5 Fighting
 + Level 2.3 Maces & Flails
 + Level 3.3 Armour
 + Level 3.6 Shields


You had one spell level left.
You didn't know any spells.

Dungeon Overview and Level Annotations

Branches:
Dungeon (1/15)

Altars:


Innate Abilities, Weirdness & Mutations

You are resistant to torment.
Your stone body is resilient. (AC +2)
You are immune to poison.
You resist negative energy. (rN+)
You are resistant to electric shocks. (rElec)
You can survive without breathing.
You are immune to petrification.
You are immune to rotting.
You are partially covered in yellow scales. (AC +2)
Your body sometimes deteriorates upon taking damage.
You are frail. (-10% HP)
You have an increased reservoir of magic. (+10% MP)


Message History

The ooze hits you but does no damage. The goblin closely misses you.
You block the ooze's attack. You block the goblin's attack.
The ooze hits you but does no damage. The goblin hits you but does no damage.
The ooze barely misses you. The goblin hits you but does no damage.
The ooze hits you but does no damage. The goblin barely misses you.
The ooze barely misses you. The goblin barely misses you.
The ooze hits you but does no damage. The goblin hits you but does no damage.
You block the ooze's attack. The goblin hits you but does no damage.
The ooze hits you but does no damage. The goblin hits you but does no damage.
The ooze hits you but does no damage. The goblin hits you but does no damage.
You block the ooze's attack. The goblin barely misses you.
You block the ooze's attack. The goblin hits you but does no damage.
The ooze hits you but does no damage. You block the goblin's attack.
You block the ooze's attack. You block the goblin's attack.
The ooze hits you but does no damage. The goblin hits you but does no damage.
You block the ooze's attack. The goblin hits you.
* * * LOW HITPOINT WARNING * * *
You block the ooze's attack. The goblin hits you but does no damage.
The ooze hits you.
You die...

#.... #.#.# #.#.#
####.#.# ####......# #
#.........# #..
#.........#
#...#########.....#+#.#
#....g@J.......>....#.#
#....########.....#....
#... #######.... ###
#.... #..[. #.... #....
#.... #....


You could see an ooze and a goblin.

Vanquished Creatures
  A ball python (D:1)
  A giant cockroach (D:1)
  3 goblins (D:1)
  A hobgoblin (D:1)
  2 frilled lizards (D:1)
  2 kobolds (D:1)
  4 rats (D:1)
14 creatures vanquished.

Notes
Turn   | Place    | Note
-------+----------+-------------------------------------------
     0 | D:1      | JeffiDaFish the Gargoyle Fighter began the quest for the Orb.
     0 | D:1      | Reached XP level 1. HP: 14/14 MP: 1/1
   363 | D:1      | Reached XP level 2. HP: 19/19 MP: 2/2
   591 | D:1      | Gained mutation: Your body sometimes deteriorates upon taking damage. [potion of mutation]
   591 | D:1      | Gained mutation: You are frail. (-10% HP) [potion of mutation]
   591 | D:1      | Gained mutation: You are partially covered in yellow scales. (AC +2) [potion of mutation]
   591 | D:1      | Gained mutation: You have an increased reservoir of magic. (+10% MP) [potion of mutation]
   776 | D:1      | Slain by an ooze

Vault maps used:
D:1:      erik_arrival_cave_to_civilisation

Action                   || total
-------------------------++-------
Melee: Flail             ||    58
  Use: Potion            ||     3
Armor: Scale mail        ||    91
Dodge: Dodged            ||    47
Block: Shield            ||    96
